 Dungeon Crawl Stone Soup version 0.30-a0-371-gad7725a93e (webtiles) character file.

Game seed: 15227525528205499570

79 mopl the Cudgeller (level 4, -1/34 HPs)
             Began as a Meteoran Fighter on Nov 21, 2022.
             Slain by an orc
             ... wielding a +0 dagger
              (3 damage)
             ... on level 3 of the Dungeon.
             The game lasted 00:04:39 (1181 turns).

mopl the Cudgeller (Meteoran Fighter)               Turns: 1181, Time: 00:04:40

Health: -1/34      AC:  8    Str: 19    XL:     4   Next: 96%
Magic:  5/5        EV:  9    Int: 10    God:
Gold:   187        SH:  5    Dex: 19    Spells: 3/3 levels left

rFire   . . .      SeeInvis .    a - +0 flail
rCold   . . .      Faith    .    c - +0 buckler
rNeg    . . .      Spirit   .    b - +0 scale mail
rPois   .          Reflect  .    (no helmet)
rElec   .          Harm     .    o - +0 cloak
rCorr   .          Rampage  .    (no gloves)
Will    .....                    (no boots)
Stlth   ..........               (no amulet)
HPRegen 0.25/turn                s - ring of flight
MPRegen 0.09/turn                t - +6 ring of dexterity

@: flying, glowing
A: sense surroundings 1, otherworldly, glowing, explore regen, hooves 1,
deterioration 1, frail 1
a: no special abilities


You were on level 3 of the Dungeon.
You visited 1 branch of the dungeon, and saw 3 of its levels.

You collected 187 gold pieces.

Inventory:

Hand Weapons
 a - a +0 flail (weapon)
 w - a +2 mace of protection
Missiles
 j - 5 boomerangs (quivered)
 r - 2 poisoned darts
Armour
 b - a +0 scale mail (worn)
 c - a +0 buckler (worn)
 o - a +0 cloak (worn)
Jewellery
 s - a ring of flight (left hand)
 t - a +6 ring of dexterity (right hand)
Scrolls
 e - a scroll of noise {unknown}
 f - a scroll of butterflies {unknown}
 g - 2 scrolls of fear {unknown}
 h - 2 scrolls of teleportation {unknown}
 i - 3 scrolls of identify {unknown}
 k - a scroll of enchant armour {unknown}
 m - 2 scrolls of poison {unknown}
 n - a scroll of magic mapping {unknown}
 v - a scroll of amnesia {unknown}
Potions
 d - a potion of might
 l - 2 potions of berserk rage {unknown}
 p - 2 potions of mutation {!q}
 q - a potion of curing {unknown}
 u - a potion of attraction {unknown}


   Skills:
 - Level 3.2 Fighting
 + Level 6.0 Maces & Flails
 - Level 3.6 Armour
 - Level 3.6 Shields


You had 3 spell levels left.
You didn't know any spells.
Your spell library contained the following spells:

 Spells                   Type           Power      Damage    Failure   Level
 Ensorcelled Hibernation  Hex/Ice        0%         N/A       91%         2
 Ozocubu's Armour         Ice            0%         N/A       99%         3
 Spider Form              Tmut/Pois      0%         N/A       99%         3
 Anguish                  Hex/Necr       0%         N/A       100%        4
 Ozocubu's Refrigeration  Ice            0%         4d7       100%        7


Dungeon Overview and Level Annotations

Branches:
Dungeon (3/15) Zot: 600

Altars:
Wu Jian

Shops:
D:2 (


Innate Abilities, Weirdness & Mutations

You passively map a small area around you.
You are easily found by Zot.
You glow in the dark.
You regain HP and MP as you explore.
You have large cloven feet.
Your body sometimes deteriorates upon taking damage.
You are frail. (-10% HP)


Message History

You hit the orc priest but do no damage.
The orc priest is severely wounded.
The orc priest hits you with a +0 hand axe.
The orc priest miscasts a cantrip.
The orc priest hits you with a +0 hand axe.
You are too injured to fight recklessly!
You are too injured to fight recklessly!
You are too injured to fight recklessly!
You barely miss the orc priest.
The orc priest is severely wounded.
The orc priest hits you with a +0 hand axe.
The rat bites you but does no damage.
You hit the orc priest.
The orc priest is severely wounded.
The orc priest hits you but does no damage.
The rat bites you but does no damage.
You hit the orc priest.
The orc priest is almost dead.
The orc priest casts a cantrip, but nothing happens.
The rat bites you but does no damage.
You hit the orc priest.
You kill the orc priest!
The orc priest mumbles some strange prayers to Beogh against you.
Beogh smites you!
* * * LOW HITPOINT WARNING * * *
The orc throws a boomerang.
The boomerang hits you but does no damage.
You block the rat's attack.
Your Maces & Flails skill increases to level 6!
It was a potion of mutation.
You feel extremely strange.
You feel frail.
You feel yourself wasting away.
Your feet thicken and deform.
The orc throws a boomerang.
You block the boomerang. The rat closely misses you.
The orc priest mumbles some strange prayers to Beogh against you.
You struggle to resist.
You thump the rat!
You kill the rat!
You closely miss the orc. You kick the orc, but do no damage.
The orc hits you with a +0 dagger.
You die...

, ,.r.........##'#..#
P# .....o........#..#
..# ,,
..............#..###P#
....o.........#....# #
,,....#..)......#..##
# , . ,#...........#
.. # , *
###...#######* ,
#8##8##8#..## # *
,.......@oo## * #
#8##8##8### , . ### ,
, * * , , *


You could see an orc priest and an orc.

Vanquished Creatures
  An orc priest (D:3)
  An orc wizard (D:3)
  An adder (D:3)
  An orc (D:3)
  An endoplasm (D:1)
  A giant cockroach (D:2)
  A goblin (D:2)
  4 hobgoblins
  A kobold (D:3)
  A quokka (D:1)
  4 ball pythons
  A bat (D:2)
  4 frilled lizards
  3 rats
25 creatures vanquished.

Notes
Turn   | Place    | Note
-------+----------+-------------------------------------------
     0 | D:1      | mopl the Meteoran Fighter began the quest for the Orb.
     0 | D:1      | Reached XP level 1. HP: 19/19 MP: 2/2
    97 | D:1      | Reached skill level 3 in Maces & Flails
   157 | D:1      | Reached XP level 2. HP: 26/26 MP: 3/3
   506 | D:2      | Reached skill level 4 in Maces & Flails
   759 | D:2      | Found Suhap's Antique Weapon Emporium.
   879 | D:2      | Reached XP level 3. HP: 26/31 MP: 4/4
  1005 | D:3      | Found an ornate altar of the Wu Jian Council.
  1169 | D:3      | Reached skill level 5 in Maces & Flails
  1169 | D:3      | Reached XP level 4. HP: 28/38 MP: 5/5
  1179 | D:3      | Reached skill level 6 in Maces & Flails
  1179 | D:3      | Gained mutation: You are frail. (-10% HP) [potion of
                  | mutation]
  1179 | D:3      | Gained mutation: Your body sometimes deteriorates upon
                  | taking damage. [potion of mutation]
  1179 | D:3      | Gained mutation: You have large cloven feet. [potion of
                  | mutation]
  1181 | D:3      | Slain by an orc

Illustrated notes

Levels and vault maps discovered:
D:1:      ncdulo_lavacross, layout_loops_cross
D:2:      layout_loops_ring, serial_shops, shop, moated_statue
D:3:      layout_basic, mainiacjoe_overflow_24_doors, serial_aquarium,
          aquarium_bridge_square [aquarium_subvault_balcony,
          aquarium_subvault_bridge, aquarium_subvault_balcony,
          aquarium_subvault_bridge], aquarium_bridge_long_joined
          [aquarium_subvault_wall, aquarium_subvault_bridge,
          aquarium_subvault_wall, aquarium_subvault_bridge,
          aquarium_subvault_window, aquarium_subvault_bridge],
          aquarium_window_fake, aquarium_window_3, aquarium_window_fake,
          aquarium_window_fake, aquarium_view_2e, amcnicky_mini_corridor_feature

Skill      XL: |  1  2  3  4 |
---------------+-------------+-----
Maces & Flails | 3 4 5 6 |  6.0
Fighting       | |  3.2
Armour         | |  3.6
Shields        | |  3.6

Action                   |  1- 3 |  4- 6 || total
-------------------------+-------+-------++-------
Melee: Flail             |    69 |    12 ||    81
       Kick              |       |     1 ||     1
  Use: Potion            |       |     1 ||     1
Armor: Scale mail        |    33 |     5 ||    38
Dodge: Dodged            |    21 |     1 ||    22
Block: Buckler           |    12 |     3 ||    15

Table legend: (Time is in decaauts)
 A = Elapsed time spent in this place.
 B = Non-inter-level travel time spent in this place.
 C = Inter-level travel time spent in this place.
 D = Time resting spent in this place.
 E = Time spent auto-exploring this place.
 F = Levels seen in this place.
 G = Mean time per level.
                   A        B        C        D        E       F      G
               +--------+--------+--------+--------+--------+-----+--------+
         Total |   1198 |   1138 |     60 |      0 |      0 |   3 |  399.3 |
       Dungeon |   1198 |   1138 |     60 |      0 |      0 |   3 |  399.3 |
               +--------+--------+--------+--------+--------+-----+--------+

Top non-repeatable levels by time:
     D:2: 535 daAuts
     D:1: 387 daAuts
     D:3: 274 daAuts
